Map: Opérations galactiques EC

Players

Korcky - Winner!

  • Race: Zerg Zerg
  • League: Diamond
  • Spawn Location: 7:00

zidar

  • Race: Zerg Zerg
  • League: Platinum
  • Spawn Location: 1:00

VOD

Have the link to the VOD?

Description

Time

  • Played on: Nov. 16, 2016, 1:51 p.m.
  • Length: 13:14
Show
View Real Time Build Order
Export as new Build Order

Korcky Zerg - Winner!

Build Orders: Hatch First 

Get SALT Encoding   

  12  0:01  Drone  
  13  0:13  Overlord  
  13  0:21  Drone  
  14  0:31  Drone x2  
  14  0:35  Drone  
  17  0:53  Drone  
  18  0:57  Hatchery  
  17  1:05  Drone  
  17  1:10  Extractor  
  17  1:17  Spawning Pool  
  16  1:19  Drone  
  16  1:22  Drone  
  18  1:40  Drone  
  18  1:41  Drone  
  20  1:53  Overlord  
  20  2:04  Queen  
  22  2:08  Queen  
  22  2:10  Zergling x4  
  22  2:15  Metabolic Boost  
  26  2:16  Zergling x2  
  28  2:22  Drone  
  28  2:25  Drone  
  29  2:33  Drone  
  29  2:35  Overlord  
  30  2:45  Zergling x4  
  30  2:50  Queen  
  34  2:53  Drone  
  34  2:55  Overlord  
  35  3:16  Drone x3  
  35  3:18  Drone x2  
  40  3:22  Zergling x10  
  45  3:31  Baneling Nest  
  44  3:35  Extractor  
  44  3:37  Evolution Chamber  
  41  3:41  Zergling x2  
  41  3:42  Zergling x4  
  44  3:49  Zergling x2  
  44  3:50  Zergling x6  
  41  4:10  Zerg Melee Weapons Level 1  
  41  4:11  Zergling x2  
  41  4:12  Zergling x8  
  44  4:25  Zergling x4  
  42  4:38  Drone x2  
  42  4:39  Drone  
  42  4:45  Hatchery  
  43  4:50  Zergling x10  
  48  4:59  Zergling x6  
  51  5:09  Baneling  
  51  5:10  Baneling  
  51  5:11  Baneling x2  
  50  5:16  Zergling x8  
  42  5:31  Zergling x2  
  42  5:32  Zergling x10  
  45  6:00  Roach Warren  
  40  6:05  Zergling x2  
  40  6:06  Zergling x14  
  47  6:12  Drone  
  47  6:13  Drone  
  49  6:22  Drone x3  
  49  6:23  Drone  
  53  6:25  Baneling  
  53  6:26  Baneling x11  
  53  6:37  Overlord x4  
  53  6:42  Drone  
  53  6:43  Drone x2  
  56  6:55  Overlord  
  56  6:58  Drone  
  56  6:59  Drone x5  
  62  7:03  Overlord  
  62  7:15  Roach x4  
  70  7:25  Zerg Ground Armor Level 1  
  70  7:27  Lair  
  70  7:29  Drone  
  71  7:30  Drone x2  
  71  7:36  Drone  
  75  7:37  Extractor, Drone x3  
  75  7:39  Extractor  
  75  7:43  Drone x4  
  79  8:03  Roach x4  
  79  8:04  Roach x5  
  97  8:13  Drone x5  
  97  8:14  Drone  
  103  8:27  Glial Reconstitution  
  103  8:29  Hydralisk Den  
  103  8:33  Evolution Chamber  
  101  8:34  Overlord x2  
  101  8:36  Overseer  
  101  8:48  Roach  
  101  8:49  Roach  
  101  8:54  Overlord x2  
  101  8:55  Overlord x3  
  92  9:06  Hydralisk x8  
  91  9:32  Hydralisk x2  
  91  9:33  Hydralisk x6  
  103  9:41  Muscular Augments  
  95  9:46  Zerg Missile Weapons Level 1  
  95  9:51  Spore Crawler  
  94  9:52  Extractor  
  94  9:53  Spore Crawler  
  94  9:54  Drone x3  
  94  9:55  Extractor, Drone  
  94  9:56  Drone x2  
  97  10:09  Overlord  
  97  10:10  Overlord x2  
  97  10:20  Overlord x4  
  95  10:36  Roach x8  
  111  10:46  Drone  
  111  10:47  Drone x4  
  114  10:57  Hydralisk  
  114  10:58  Hydralisk x2  
  120  11:09  Roach  
  120  11:10  Roach x5  
  132  11:37  Hatchery  
  132  11:38  Extractor  
  130  11:41  Zergling x2  
  130  11:42  Zergling x18  
  130  11:44  Spore Crawler  
  139  12:03  Infestation Pit  
  139  12:08  Spire, Overseer x2  
  138  12:13  Spire  
  135  12:26  Zergling x10  
  135  12:27  Zergling x12  
  146  12:34  Drone x3  
  149  12:41  Zergling x2  
  141  12:44  Zergling x6  
  143  12:55  Roach  
Show
View Real Time Build Order
Export as new Build Order

zidar Zerg 

Build Orders: Pool First 

Get SALT Encoding   

  12  0:01  Drone  
  13  0:12  Overlord  
  13  0:17  Drone  
  14  0:31  Drone x2  
  16  0:44  Spawning Pool  
  16  0:47  Drone  
  16  1:13  Hatchery  
  16  1:15  Drone  
  16  1:18  Extractor  
  16  1:20  Drone  
  17  1:31  Queen  
  19  1:35  Drone  
  20  1:42  Extractor  
  20  1:43  Drone x2  
  21  1:51  Overlord  
  21  1:58  Drone  
  22  2:12  Roach Warren  
  21  2:16  Queen  
  23  2:23  Drone  
  23  2:24  Drone  
  25  2:41  Extractor  
  25  2:42  Drone x4  
  28  2:57  Drone x3  
  31  2:58  Drone x2  
  33  3:12  Overlord x2  
  33  3:27  Roach  
  35  3:34  Evolution Chamber  
  35  3:36  Roach x3  
  35  3:37  Roach x2  
  34  3:56  Roach x4  
  42  4:14  Roach x3  
  48  4:23  Queen  
  46  4:39  Ravager  
  46  4:41  Roach x2  
  51  4:46  Drone  
  43  5:26  Roach x8  
  49  5:33  Drone  
  44  5:44  Drone x2  
  44  5:48  Lair  
  44  6:07  Ravager  
  45  6:13  Drone x7  
  52  6:27  Zerg Missile Weapons Level 1  
  52  6:33  Extractor  
  52  6:34  Overlord  
  52  6:35  Overlord  
  52  6:37  Extractor  
  50  6:52  Overlord  
  50  6:58  Spire  
  49  7:08  Drone x7  
  56  7:09  Drone  
  57  7:27  Overlord  
  57  8:09  Mutalisk x9  
  75  8:24  Overlord x2  
  75  8:25  Overlord  
  75  8:42  Mutalisk  
  75  8:43  Mutalisk x4  
  64  9:48  Hatchery  
  64  9:51  Mutalisk x4  
  64  9:52  Mutalisk  
  70  10:09  Zergling x2  
  70  10:10  Zergling x8  
  73  10:31  Metabolic Boost  
  73  10:35  Baneling Nest  
  72  11:00  Zergling x6  
  65  11:13  Zergling x2  
  66  11:24  Centrifical Hooks  
  66  11:27  Baneling x10  
  66  11:38  Zergling x10  
  71  11:54  Zergling x2  
  71  11:55  Zergling x12  
  71  12:00  Baneling  
  71  12:01  Hatchery, Baneling x7  
  61  12:37  Mutalisk  
  61  12:38  Mutalisk x3  
Tags
 
Add a new tag
Caveats
  • Supply blocks, unpowered buildings, or Contaminate may cause inaccurate times.
  • Supply counts are checked every 10 seconds.